 Dungeon Crawl Stone Soup version 0.19-a0-944-gb338e1e (webtiles) character file.

12423 Magifyre the Grappler (level 11, 0/180 HPs)
             Began as a Troll Berserker on July 8, 2016.
             Was an Elder of Trog.
             Succumbed to a spiny frog's poison
             ... on level 1 of the Lair of Beasts.
             The game lasted 00:46:18 (9926 turns).

Magifyre the Grappler (Troll Berserker)             Turns: 9926, Time: 00:46:19

Health: 0/180      AC:  8    Str: 35    XL:     11   Next: 62%
Magic:  10/10      EV: 10    Int:  3    God:    Trog [****..]
Gold:   615        SH:  0    Dex:  9    Spells: 0 memorised, 10 levels left

rFire  . . .     SeeInvis .       - Unarmed
rCold  . . .     Gourm    +     g - +0 robe
rNeg   . . .     Faith    .     (no shield)
rPois  .         Spirit   .     (helmet restricted)
rElec  .         Dismiss  .     n - +2 cloak
rCorr  .         Reflect  .     (gloves unavailable)
SustAt .         Harm     .     (boots unavailable)
MR     ++...                    (no amulet)
Stlth  ..........               L - ring of protection from magic
                                F - ring of protection from magic

@: berserking, lethally poisoned (0 -> 0), very quick, very resistant to hostile
enchantments, extremely unstealthy
A: unfitting armour, claws 3, fast metabolism 3, gourmand, regeneration 2,
shaggy fur 1, tough skin 2
a: Berserk, Trog's Hand, Brothers in Arms, Burn Spellbooks, Renounce Religion


You were on level 1 of the Lair of Beasts.
You worshipped Trog.
Trog was greatly pleased with you.
You were very full.

You visited 2 branches of the dungeon, and saw 12 of its levels.

You collected 615 gold pieces.

Inventory:

Missiles
 w - a throwing net (quivered)
Armour
 g - a +0 robe (worn)
 n - a +2 cloak (worn)
Jewellery
 B - an uncursed ring of protection from fire
 F - a ring of protection from magic (left claw)
 L - a ring of protection from magic (right claw)
 V - a +2 ring of strength
Wands
 d - a wand of acid (7/15)
 i - a wand of disintegration (5/24)
 t - a wand of flame (33/48)
 u - a wand of enslavement (4/24)
 v - a wand of digging (17/24)
 z - a wand of confusion (23/48)
 E - a wand of flame (26/48)
 J - a wand of teleportation (9/9)
 K - a wand of lightning (11/15)
 O - a wand of flame (17/48)
 P - a wand of iceblast (5/15)
 U - a wand of teleportation (4/9)
 X - a wand of digging (16/24)
Scrolls
 c - 7 scrolls of teleportation
 j - a scroll of blinking
 M - 3 scrolls of enchant weapon
 R - a scroll of enchant armour
 W - 2 scrolls of identify
Potions
 a - a potion of agility
 e - a potion of might
 f - 2 potions of lignification
 h - a potion of heal wounds
 k - 2 potions of curing
 o - a potion of cancellation
 q - 8 potions of brilliance
 r - a potion of invisibility
 s - 2 potions of berserk rage {unknown}
 x - a potion of resistance {unknown}
 C - a potion of degeneration {unknown}
 N - a potion of mutation {unknown}
 S - 2 potions of haste {unknown}
Comestibles
 b - 6 bread rations
 m - 6 fruits
 p - 6 meat rations
 A - 8 royal jellies
 G - 5 beef jerkies
 T - a slice of pizza


   Skills:
 + Level 11.3 Fighting
 - Level 2.4 Dodging
 + Level 13.2 Unarmed Combat


You had 10 spell levels left.
You didn't know any spells.

Dungeon Overview and Level Annotations

Branches:
Dungeon (11/15)            Temple (0/1) D:4            Lair (1/6) D:11
    Orc: D:9-12

Altars:
Cheibriados
Fedhas
Makhleb
Pakellas
Qazlal
Trog
Uskayaw
Zin
The Shining One
Beogh

Shops:
D:11 !


Innate Abilities, Weirdness & Mutations

You are too large for most types of armour.
You have claws for hands.
Your metabolism is lightning-fast.
You like to eat raw meat.
You heal very quickly.
You are covered in fur. (AC +1)
You have very tough skin. (AC +2)


Message History

You feel sick. The spiny frog closely misses you. The komodo dragon bites you!
* * * LOW HITPOINT WARNING * * *
You are too injured to fight recklessly!
You are too injured to fight recklessly!
You are too injured to fight recklessly!
You are too injured to fight recklessly!
Unknown command.
You are too injured to fight recklessly!
You mangle the spiny frog!!
The spiny frog is almost dead.
You feel sick. The spiny frog stings you!!
* * * LOW HITPOINT WARNING * * *
You eviscerate the spiny frog!!!
You kill the spiny frog!
Trog accepts your kill. The komodo dragon bites you.
* * * LOW HITPOINT WARNING * * *
You claw the komodo dragon!
The komodo dragon is moderately wounded.
You die...

#......#
#<..#..#
#...##..#
##..##
...# #..##
.### #..#
##..#
#...#
##.@#
##.l.#
....#
#.....#
#......#
#.......#
#.....#..#
#.....##..


You could see a komodo dragon.

Vanquished Creatures
  Sonja (D:11)
  2 hill giants (D:11)
  An ugly thing (D:11)
  2 cyclopes (D:11)
  2 spiny frogs
  A komodo dragon (D:11)
  A queen bee (D:8)
  Sigmund (D:2)
  3 yaks (D:9)
  A steam dragon (D:9)
  A wyvern (D:11)
  3 soldier ants (D:11)
  A water moccasin (D:7)
  5 sky beasts
  2 black bears
  2 eyes of draining (D:11)
  An orc warrior (D:7)
  2 phantoms
  The ghost of wearedevo the Grave Robber, an amateur TrNe (D:3)
  2 wasps
  A necrophage (D:8)
  11 centaurs
  6 ogres
  2 big kobolds
  5 giant frogs
  2 gnoll sergeants
  3 scorpions
  20 killer bees
  4 howler monkeys
  5 crimson imps
  3 giant frog zombies
  3 hounds
  A quasit (D:8)
  2 centaur zombies
  11 orc priests
  4 centaur skeletons
  7 iguanas
  Crazy Yiuf (D:3)
  7 orc wizards
  Terence (D:2)
  6 worker ants
  A hound zombie (D:8)
  A hound skeleton (D:8)
  A howler monkey zombie (D:8)
  11 gnolls
  11 adders
  4 shadow imps
  4 oozes
  An adder zombie (D:9)
  An adder skeleton (D:9)
  2 worms (D:3)
  3 dart slugs
  4 giant geckos
  59 orcs
  3 giant cockroaches
  9 goblins
  5 hobgoblins
  3 jackals (D:8)
  4 quokkas
  3 ball pythons
  8 bats
  2 giant gecko skeletons
  6 giant newts
  18 kobolds
  2 quokka zombies
  7 rats
  A rat zombie (D:8)
314 creatures vanquished.

Vanquished Creatures (collateral kills)
  The ghost of Zethus the Cleaver, a novice MiBe of Trog (D:10)
  A black bear (D:10)
  A jelly (D:10)
  An iguana (D:9)
  A worker ant zombie (D:9)
5 creatures vanquished.

Grand Total: 319 creatures vanquished

Notes
Turn   | Place    | Note
-------+----------+-------------------------------------------
     0 | D:1      | Magifyre the Troll Berserker began the quest for the Orb.
     0 | D:1      | Reached XP level 1. HP: 22/22 MP: 0/0
   126 | D:1      | Reached XP level 2. HP: 29/29 MP: 1/1
   911 | D:2      | Reached XP level 3. HP: 33/37 MP: 2/2
   980 | D:2      | Reached ** piety under Trog
  1076 | D:2      | Noticed Terence
  1086 | D:2      | Killed Terence
  1086 | D:2      | Reached skill level 4 in Unarmed Combat
  1086 | D:2      | Reached XP level 4. HP: 42/45 MP: 3/3
  1165 | D:2      | Noticed Sigmund
  1173 | D:2      | Killed Sigmund
  1173 | D:2      | Reached XP level 5. HP: 42/54 MP: 4/4
  1457 | D:3      | Reached skill level 5 in Unarmed Combat
  1491 | D:3      | Reached XP level 6. HP: 30/63 MP: 5/5
  1494 | D:3      | Noticed wearedevo's ghost (amateur TrNe)
  1633 | D:3      | Found a burning altar of Makhleb.
  1807 | D:3      | Killed wearedevo's ghost
  1884 | D:3      | Reached *** piety under Trog
  2106 | D:3      | Found a runed door.
  2309 | D:3      | Noticed Crazy Yiuf
  2313 | D:3      | Killed Crazy Yiuf
  2313 | D:3      | Reached skill level 5 in Fighting
  2460 | D:4      | Found a staircase to the Ecumenical Temple.
  2507 | D:4      | Found a glowing golden altar of the Shining One.
  2603 | D:4      | Noticed a sky beast
  2614 | D:4      | Killed a sky beast
  2614 | D:4      | Reached skill level 6 in Unarmed Combat
  2614 | D:4      | Reached XP level 7. HP: 72/72 MP: 6/6
  2708 | D:4      | Found a hide-covered altar of Uskayaw.
  3032 | D:5      | Entered Level 5 of the Dungeon
  3059 | D:5      | Found a runed door.
  3138 | D:5      | Got a brightly glowing chain mail
  3293 | D:5      | Found a bloodstained altar of Trog.
  3803 | D:5      | Reached **** piety under Trog
  3830 | D:5      | Reached skill level 7 in Unarmed Combat
  3839 | D:5      | Reached XP level 8. HP: 82/83 MP: 7/7
  3890 | D:5      | Found a roughly hewn altar of Beogh.
  4422 | D:6      | Reached skill level 8 in Unarmed Combat
  4631 | D:6      | Found a snail-covered altar of Cheibriados.
  4631 | D:6      | Found an oddly glowing altar of Pakellas.
  4633 | D:6      | Found a blossoming altar of Fedhas.
  4908 | D:7      | Reached XP level 9. HP: 86/93 MP: 8/8
  4955 | D:7      | Reached ***** piety under Trog
  4959 | D:7      | Reached skill level 9 in Unarmed Combat
  5958 | D:8      | Received a gift from Trog
  6002 | D:8      | Noticed a queen bee
  6011 | D:8      | Reached skill level 10 in Unarmed Combat
  6019 | D:8      | Killed a queen bee
  6389 | D:8      | Found a stormy altar of Qazlal.
  6476 | D:8      | Reached XP level 10. HP: 102/107 MP: 9/9
  6882 | D:9      | Reached skill level 11 in Unarmed Combat
  7136 | D:9      | Received a gift from Trog
  7213 | D:9      | Found a glowing silver altar of Zin.
  7791 | D:10     | Entered Level 10 of the Dungeon
  8024 | D:10     | Noticed Zethus's ghost (novice MiBe)
  8042 | D:10     | Killed Zethus's ghost
  8042 | D:10     | Reached skill level 10 in Fighting
  8241 | D:11     | Noticed a green ugly thing
  8253 | D:11     | Killed a green ugly thing
  8253 | D:11     | Reached skill level 12 in Unarmed Combat
  8310 | D:11     | Noticed a hill giant
  8373 | D:11     | Found Exit's Distillery.
  8373 | D:11     | Noticed a cyclops
  8549 | D:11     | Killed a hill giant
  8549 | D:11     | Reached XP level 11. HP: 119/119 MP: 10/10
  8811 | D:11     | Found a staircase to the Lair.
  8839 | D:11     | Noticed Sonja
  8849 | D:11     | Killed Sonja
  9212 | D:11     | Reached skill level 13 in Unarmed Combat
  9359 | D:11     | Noticed a hill giant
  9366 | D:11     | Killed a hill giant
  9883 | Lair:1   | Entered Level 1 of the Lair of Beasts
  9924 | Lair:1   | HP: 3/180 [spiny frog (24)]
  9925 | Lair:1   | HP: 1/180 [komodo dragon (3)]
  9926 | Lair:1   | Succumbed to a spiny frog's poison

Vault maps used:
D:1:      dpeg_arrival_fog
D:2:      first_bread, kennysheep_generic_room_16, uniq_terence, uniq_sigmund
D:3:      nicolae_overflow_crystal_walls, serial_bayou_ford_a,
          uniq_crazy_yiuf_cottage
D:4:      tso_oasis_becter, old_standard_altar
D:5:      kennysheep_mini_moat, lightli_church_of_beogh
D:6:      gammafunk_temple_overflow_forgotten, grunt_ministairs_10
D:8:      nicolae_qazlal_general_emergency, enter_ossuary_4, david_nohive_1,
          grunt_decor_cap
D:9:      zin_statuary
D:11:     lair_0_dummy, serial_shops,
          nicolae_shop_temple_entry_statues_fountains, uniq_sonja
Lair:1:   minivault_27

Skill      XL: |  1  2  3  4  5  6  7  8  9 10 11 |
---------------+----------------------------------+-----
Fighting       | 3 4 5 6 7 9 10 11 | 11.3
Unarmed Combat | 4 5 6 7 8 10 12 13 | 13.2
Dodging        | |  2.4

Action                   |  1- 3 |  4- 6 |  7- 9 | 10-12 || total
-------------------------+-------+-------+-------+-------++-------
Melee: Unarmed           |   127 |   116 |   328 |   309 ||   880
       Punch             |       |     6 |     9 |    14 ||    29
Invok: Berserk           |       |     3 |     6 |     9 ||    18
       Trog's Hand       |       |     2 |     4 |     9 ||    15
       Burn Spellbooks   |       |       |     2 |     1 ||     3
       Brothers in Arms  |       |       |     1 |     5 ||     6
  Use: Scroll            |       |     7 |       |    13 ||    20
       Potion            |       |       |       |     1 ||     1
 Stab: Sleeping          |     1 |       |     1 |       ||     2
  Eat: Chunk             |    15 |    14 |    44 |    48 ||   121
Armor: Animal skin       |     8 |       |       |       ||     8
       Robe              |    42 |    29 |   129 |    96 ||   296
Dodge: Dodged            |    77 |    49 |   189 |   149 ||   464
